PCL
ALBUQUERQUE ISOTOPES @ SALT LAKE BEES
05/05/2099
 
TOP OF THE 1ST
Albuquerque Isotopes batting - Pitching for Salt Lake Bees : RHP Danny Hoyt
Pitching: RHP Danny Hoyt
Batting: RHB Bill Larimer 0-0: Ball
1-0: Ball
2-0: Foul Ball, location: 7LMF
2-1: Foul Ball, location: 3SF
2-2: Ball
3-2: Strikes out swinging
Batting: RHB Hector Gonzales 0-0: Ball
1-0: Called Strike
1-1: Called Strike
1-2: Foul Ball, location: 23F
1-2: Ball
2-2: Ball
3-2: Foul Ball, location: 2F
3-2: Foul Ball, location: 3F
3-2: Strikes out swinging
Batting: RHB Hugo Sanchez 0-0: Ball
1-0: Foul Ball, location: 3SF
1-1: Called Strike
1-2: SINGLE (Line Drive, 6D, EV 104.4 MPH)
Batting: SHB Jon Coverly 0-0: Ball
1-0: Ball
2-0: Foul Ball, location: 2F
2-1: Swinging Strike
2-2: Foul Ball, location: 2F
2-2: Ball
3-2: Foul Ball, location: 7LSF
3-2: Strikes out looking
Top of the 1st over - 0 runs, 1 hit, 0 errors, 1 left on base; Albuquerque 0 - Salt Lake 0
BOTTOM OF THE 1ST
Salt Lake Bees batting - Pitching for Albuquerque Isotopes : RHP Victor Gonzalez
Pitching: RHP Victor Gonzalez
Batting: LHB Justin Manns 0-0: Fly out, F6 (Line Drive, 6, EV 73.1 MPH)
Batting: LHB Bobby Errington 0-0: Ball
1-0: Fly out, F8 (Flyball, 89M, EV 94.4 MPH)
Batting: RHB Clark Beach 0-0: Foul Ball, location: 9LMF
0-1: Foul Ball, location: 23F
0-2: Strikes out swinging
Bottom of the 1st over - 0 runs, 0 hits, 0 errors, 0 left on base; Albuquerque 0 - Salt Lake 0
TOP OF THE 2ND
Albuquerque Isotopes batting - Pitching for Salt Lake Bees : RHP Danny Hoyt
Batting: RHB Josh Peterson 0-0: Called Strike
0-1: Called Strike
0-2: Ball
1-2: Fly out, F3 (Popup, 34, EV 75.6 MPH)
Batting: RHB Chris Church 0-0: SINGLE (Line Drive, 78S, EV 108.8 MPH)
Batting: LHB Dan McRae 0-0: Ball
1-0: Called Strike
1-1: Called Strike
Chris Church steals 2nd, throwing error, E2
Chris Church to third
1-2: Strikes out swinging
Batting: RHB Pedro Chamaua 0-0: Ball
1-0: Ball
2-0: Ball
3-0: Called Strike
3-1: Base on Balls
Batting: LHB Cheh Luo 0-0: Called Strike
0-1: Swinging Strike
0-2: Strikes out looking
Top of the 2nd over - 0 runs, 1 hit, 1 error, 2 left on base; Albuquerque 0 - Salt Lake 0
BOTTOM OF THE 2ND
Salt Lake Bees batting - Pitching for Albuquerque Isotopes : RHP Victor Gonzalez
Batting: LHB Matt Davis 0-0: Ball
1-0: Ball
2-0: Called Strike
2-1: Ball
3-1: Ground out 4-3 (Groundball, 4, EV 101.9 MPH)
Batting: LHB Roger Adkins 0-0: Swinging Strike
0-1: Called Strike
0-2: Ball
1-2: Fly out, F9 (Flyball, 89M, EV 74.4 MPH)
Batting: RHB Jon Fuentes 0-0: Foul Ball, location: 2F
0-1: Ball
1-1: Called Strike
1-2: Ball
2-2: Ball
3-2: Foul Ball, location: 2F
3-2: Strikes out swinging
Bottom of the 2nd over - 0 runs, 0 hits, 0 errors, 0 left on base; Albuquerque 0 - Salt Lake 0
TOP OF THE 3RD
Albuquerque Isotopes batting - Pitching for Salt Lake Bees : RHP Danny Hoyt
Batting: RHB Bill Larimer 0-0: Called Strike
0-1: Ball
1-1: Ball
2-1: Swinging Strike
2-2: Ball
3-2: Foul Ball, location: 5FF
3-2: Base on Balls
Batting: RHB Hector Gonzales 0-0: Ball
1-0: Fielders Choice at 2nd, 5-4 (Groundball, 15, EV 103.1 MPH)
Batting: RHB Hugo Sanchez 0-0: Ball
1-0: SINGLE (Groundball, 4D, EV 105.6 MPH)
Hector Gonzales to second
Runner from 2nd tries for 3rd, SAFE, throw by CF made to third
Batting: SHB Jon Coverly 0-0: Ball
1-0: Called Strike
1-1: Swinging Strike
1-2: Ball
2-2: Strikes out looking
Batting: RHB Josh Peterson 0-0: Ball
1-0: Ball
2-0: Ground out 5-3 (Groundball, 56S, EV 90.6 MPH)
Top of the 3rd over - 0 runs, 1 hit, 0 errors, 2 left on base; Albuquerque 0 - Salt Lake 0
BOTTOM OF THE 3RD
Salt Lake Bees batting - Pitching for Albuquerque Isotopes : RHP Victor Gonzalez
Batting: RHB T.J. Holder 0-0: Swinging Strike
0-1: Called Strike
0-2: Ball
1-2: Ball
2-2: Strikes out looking
Batting: LHB Ryan Mascolino 0-0: Ball
1-0: Ball
2-0: Foul Ball, location: 2F
2-1: Swinging Strike
2-2: Ball
3-2: Foul Ball, location: 7LSF
3-2: Strikes out swinging, 2-3 out at first.
Batting: RHB Dan Bouldin 0-0: Ball
1-0: Ball
2-0: Ground out 6-3 (Groundball, 56, EV 86.9 MPH)
Bottom of the 3rd over - 0 runs, 0 hits, 0 errors, 0 left on base; Albuquerque 0 - Salt Lake 0
TOP OF THE 4TH
Albuquerque Isotopes batting - Pitching for Salt Lake Bees : RHP Danny Hoyt
Batting: RHB Chris Church 0-0: Called Strike
0-1: Ball
1-1: Swinging Strike
1-2: SINGLE (Flyball, 5D, EV 96.9 MPH)
Batting: LHB Dan McRae 0-0: Ball
1-0: Ball
2-0: Called Strike
2-1: Foul Ball, location: 2F
2-2: Ball
3-2: Foul Ball, location: 23F
3-2: Strikes out swinging
Batting: RHB Pedro Chamaua 0-0: Called Strike
Pickoff Play to 1st, Runner tries for 2nd, OUT after rundown.
0-1: Ball
1-1: Ball
2-1: Swinging Strike
2-2: Strikes out swinging
Top of the 4th over - 0 runs, 1 hit, 0 errors, 0 left on base; Albuquerque 0 - Salt Lake 0
BOTTOM OF THE 4TH
Salt Lake Bees batting - Pitching for Albuquerque Isotopes : RHP Victor Gonzalez
Batting: LHB Justin Manns 0-0: Ball
1-0: Foul Ball, location: 7LMF
1-1: Foul Ball, location: 23FF
1-2: Foul Ball, location: 2F
1-2: Ball
2-2: Strikes out swinging
Batting: LHB Bobby Errington 0-0: Foul Ball, location: 7LMF
0-1: Ball
1-1: Ball
2-1: Ball
3-1: Base on Balls
Batting: RHB Clark Beach 0-0: Ball
1-0: DOUBLE (Flyball, 8RXD, EV 82.5 MPH)
Bobby Errington to third
Runner from 3rd tries for Home, SAFE, throw by CF to trailing runner, SAFE at third!
Batting: LHB Matt Davis 0-0: Ball
1-0: Called Strike
1-1: Swinging Strike
1-2: Ball
2-2: Ball
3-2: Foul Ball, location: 9LSF
3-2: Strikes out swinging
Batting: LHB Roger Adkins 0-0: Called Strike
0-1: Ball
1-1: Ball
2-1: Fly out, F7 (Flyball, 78S, EV 87.5 MPH)
Bottom of the 4th over - 1 run, 1 hit, 0 errors, 1 left on base; Albuquerque 0 - Salt Lake 1
TOP OF THE 5TH
Albuquerque Isotopes batting - Pitching for Salt Lake Bees : RHP Danny Hoyt
Batting: LHB Cheh Luo 0-0: Ball
1-0: Foul Ball, location: 5FF
1-1: Swinging Strike
1-2: SINGLE (Flyball, 78S, EV 88.8 MPH)
Batting: RHB Bill Larimer 0-0: DOUBLE (Flyball, 8RD, EV 93.8 MPH)
Cheh Luo to third
Batting: RHB Hector Gonzales 0-0: Called Strike
0-1: Swinging Strike
0-2: Strikes out looking
Batting: RHB Hugo Sanchez 0-0: Ball
1-0: TRIPLE (Line Drive, 89XD, EV 107.5 MPH)
Cheh Luo scores
Bill Larimer scores
Batting: SHB Jon Coverly 0-0: Ball
1-0: Foul Ball, location: 2F
1-1: SINGLE (Flyball, 34D, EV 90.0 MPH)
Hugo Sanchez scores
Batting: RHB Josh Peterson 0-0: Called Strike
0-1: Fielders Choice at 2nd, 5-4 (Groundball, 5, EV 105.6 MPH)
Batting: RHB Chris Church 0-0: Ball
Josh Peterson is caught stealing 2nd base 2-4
Top of the 5th over - 3 runs, 4 hits, 0 errors, 0 left on base; Albuquerque 3 - Salt Lake 1
BOTTOM OF THE 5TH
Salt Lake Bees batting - Pitching for Albuquerque Isotopes : RHP Victor Gonzalez
Batting: RHB Jon Fuentes 0-0: Called Strike
0-1: Ball
1-1: Ball
2-1: Foul Ball, location: 5FF
2-2: Fly out, F6 (Popup, P, EV 75.0 MPH)
Batting: RHB T.J. Holder 0-0: Ball
1-0: Fly out, F7 (Flyball, 7D, EV 95.6 MPH)
Batting: LHB Ryan Mascolino 0-0: Ball
1-0: Foul Ball, location: 25F
1-1: Ground out 4-3 (Groundball, 4, EV 103.8 MPH)
Bottom of the 5th over - 0 runs, 0 hits, 0 errors, 0 left on base; Albuquerque 3 - Salt Lake 1
TOP OF THE 6TH
Albuquerque Isotopes batting - Pitching for Salt Lake Bees : RHP Danny Hoyt
Batting: RHB Chris Church 0-0: Fly out, F9 (Flyball, 9S, EV 93.1 MPH)
Batting: LHB Dan McRae 0-0: Foul Ball, location: 2F
0-1: Swinging Strike
0-2: Ball
1-2: Strikes out swinging
Batting: RHB Pedro Chamaua 0-0: Ball
1-0: Ball
2-0: Foul Ball, location: 2F
2-1: Foul Ball, location: 2F
2-2: Strikes out swinging
Top of the 6th over - 0 runs, 0 hits, 0 errors, 0 left on base; Albuquerque 3 - Salt Lake 1
BOTTOM OF THE 6TH
Salt Lake Bees batting - Pitching for Albuquerque Isotopes : RHP Victor Gonzalez
Batting: RHB Dan Bouldin 0-0: Ball
1-0: SOLO HOME RUN (Flyball, 7D, EV 96.9 MPH), Distance : 388 ft
Batting: LHB Justin Manns 0-0: Ball
1-0: Fly out, F5 (Popup, 6S, EV 86.3 MPH)
Batting: LHB Bobby Errington 0-0: Ball
1-0: Swinging Strike
1-1: Ball
2-1: Called Strike
2-2: Foul Ball, location: 3F
2-2: Foul Ball, location: 5FF
2-2: Strikes out swinging
Batting: RHB Clark Beach 0-0: Swinging Strike
0-1: Ground out 6-3 (Groundball, 6, EV 87.5 MPH)
Bottom of the 6th over - 1 run, 1 hit, 0 errors, 0 left on base; Albuquerque 3 - Salt Lake 2
TOP OF THE 7TH
Albuquerque Isotopes batting - Pitching for Salt Lake Bees : RHP Danny Hoyt
Batting: LHB Cheh Luo 0-0: Ball
1-0: Called Strike
1-1: Called Strike
1-2: Fly out, F8 (Flyball, 8LXD, EV 103.1 MPH)
Batting: RHB Bill Larimer 0-0: Called Strike
0-1: Ball
1-1: Ball
2-1: Foul Ball, location: 2F
2-2: Foul Ball, location: 3F
2-2: Foul Ball, location: 2F
2-2: DOUBLE (Groundball, 5L, EV 106.3 MPH)
Pitching: RHP Phil Noblet
Batting: RHB Hector Gonzales 0-0: Foul Ball, location: 9LMF
0-1: Called Strike
0-2: DOUBLE (Line Drive, 89XD, EV 105.6 MPH)
Bill Larimer scores
Batting: RHB Hugo Sanchez 0-0: Ball
1-0: Foul Ball, location: 2F
1-1: Foul Ball, location: 9LDF
1-2: Ground out 5-3 (Groundball, 56, EV 79.4 MPH)
Hector Gonzales to third
Batting: SHB Jon Coverly 0-0: Ball
1-0: Fly out, F9 (Flyball, 9S, EV 90.6 MPH)
Top of the 7th over - 1 run, 2 hits, 0 errors, 1 left on base; Albuquerque 4 - Salt Lake 2
BOTTOM OF THE 7TH
Salt Lake Bees batting - Pitching for Albuquerque Isotopes : RHP Victor Gonzalez
Batting: LHB Matt Davis 0-0: Ball
1-0: DOUBLE (Line Drive, 9LD, EV 110.6 MPH)
Batting: LHB Roger Adkins 0-0: Called Strike
0-1: Foul Ball, location: 2F
0-2: Foul Ball, location: 7LDF
0-2: Ball
1-2: Foul Ball, location: 23FF
1-2: Strikes out swinging
Pinch Hitting: LHB Ramon Bermudez 0-0: Ball
1-0: Ball
2-0: Called Strike
2-1: Called Strike
2-2: Strikes out looking
Pinch Hitting: LHB Josh Alderete 0-0: Ball
1-0: Ball
2-0: Called Strike
2-1: Ball
3-1: Base on Balls
Batting: LHB Ryan Mascolino 0-0: Ball
1-0: DOUBLE (Line Drive, 8RD, EV 104.4 MPH)
Matt Davis scores
Josh Alderete to third
Pinch Hitting: RHB John Phillips 0-0: Ground out 5-3 (Groundball, 56, EV 106.9 MPH)
Bottom of the 7th over - 1 run, 2 hits, 0 errors, 2 left on base; Albuquerque 4 - Salt Lake 3
TOP OF THE 8TH
Albuquerque Isotopes batting - Pitching for Salt Lake Bees : RHP Phil Noblet
Now at 3B: Josh Alderete
Now at SS: Adam Scott
Now in CF: Ramon Bermudez
Batting: LHB Gerardo de Leon 0-0: Ball
1-0: Foul Ball, location: 2F
1-1: Ball
2-1: Ball
3-1: Base on Balls
Batting: RHB Chris Church 0-0: Ball
Gerardo de Leon is caught stealing 2nd base 2-4
1-0: Called Strike
1-1: Foul Ball, location: 3SF
1-2: Ball
2-2: Ball
3-2: SINGLE (Groundball, P, EV 78.1 MPH) (infield hit)
Batting: LHB Dan McRae 0-0: Ball
Chris Church steals 2nd base
1-0: Intentional Walk
Batting: RHB Pedro Chamaua 0-0: Foul Ball, location: 2F
0-1: Ball
1-1: Ball
2-1: Foul Ball, location: 9LSF
2-2: Ball
3-2: Grounds into double play, 4-6-3 (Groundball, 4, EV 102.5 MPH)
Top of the 8th over - 0 runs, 1 hit, 0 errors, 1 left on base; Albuquerque 4 - Salt Lake 3
BOTTOM OF THE 8TH
Salt Lake Bees batting - Pitching for Albuquerque Isotopes : RHP Victor Gonzalez
Pitching: RHP Chris Kemerer
Now in CF: Roberto Velasco
Now in RF: Chris Church
Batting: LHB Justin Manns 0-0: Foul Ball, location: 2F
0-1: Foul Ball, location: 3F
0-2: Ball
1-2: Strikes out swinging
Batting: LHB Bobby Errington 0-0: Called Strike
0-1: Ball
1-1: Swinging Strike
1-2: Foul Ball, location: 2F
1-2: Ball
2-2: Foul Ball, location: 2F
2-2: Fly out, F9 (Flyball, 89M, EV 86.3 MPH)
Batting: RHB Clark Beach 0-0: Called Strike
0-1: Called Strike
0-2: Ball
1-2: Strikes out swinging
Bottom of the 8th over - 0 runs, 0 hits, 0 errors, 0 left on base; Albuquerque 4 - Salt Lake 3
TOP OF THE 9TH
Albuquerque Isotopes batting - Pitching for Salt Lake Bees : RHP Phil Noblet
Batting: LHB Cheh Luo 0-0: Ball
1-0: Ball
2-0: SINGLE (Groundball, 4MD, EV 95.0 MPH)
Batting: RHB Bill Larimer 0-0: Ball
1-0: Ball
2-0: Foul Ball, location: 2F
2-1: Called Strike
2-2: Ball
3-2: SINGLE (Groundball, 6D, EV 96.3 MPH)
Cheh Luo to second
Batting: RHB Hector Gonzales 0-0: Ball
1-0: Ball
2-0: Ball
3-0: Called Strike
3-1: Base on Balls
Cheh Luo to third
Bill Larimer to second
Batting: RHB Hugo Sanchez 0-0: Called Strike
0-1: Foul Ball, location: 9LMF
0-2: Fly out, F7 (Flyball, 78S, EV 83.8 MPH)
Batting: LHB Roberto Velasco 0-0: Ball
1-0: Called Strike
1-1: Grounds into fielders choice 4-2 (Groundball, 4M, EV 81.3 MPH)
Bill Larimer to third
Hector Gonzales to second
Batting: LHB Gerardo de Leon 0-0: Ball
1-0: SINGLE (Groundball, 6MD, EV 100.6 MPH)
Bill Larimer scores
Hector Gonzales to third
Roberto Velasco to second
Runner from 3rd tries for Home, SAFE, throw by CF to home
Batting: RHB Chris Church 0-0: Called Strike
0-1: Ball
1-1: Ball
2-1: SINGLE (Groundball, 4MD, EV 97.5 MPH)
Roberto Velasco to third
Gerardo de Leon to second
Runner from 3rd tries for Home, SAFE, throw by CF to home
Pitching: LHP Roger Romero
Pinch Hitting: RHB Joey Lowery 0-0: Ball
1-0: Foul Ball, location: 23F
1-1: SINGLE (Groundball, 34D, EV 102.5 MPH)
Gerardo de Leon to third
Chris Church to second
Runner from 3rd tries for Home, SAFE, throw by RF to home
Batting: RHB Pedro Chamaua 0-0: Ball
1-0: Ball
2-0: Foul Ball, location: 2F
2-1: Foul Ball, location: 23FF
2-2: Strikes out looking
Top of the 9th over - 4 runs, 5 hits, 0 errors, 2 left on base; Albuquerque 8 - Salt Lake 3
BOTTOM OF THE 9TH
Salt Lake Bees batting - Pitching for Albuquerque Isotopes : RHP Chris Kemerer
Now at 3B: Benny Scanlon
Batting: LHB Matt Davis 0-0: Called Strike
0-1: Ball
1-1: Ball
2-1: Foul Ball, location: 2F
2-2: Ground out 4-3 (Groundball, 4, EV 77.5 MPH)
Batting: LHB Roger Adkins 0-0: Called Strike
0-1: Ball
1-1: Ball
2-1: Fly out, F8 (Flyball, 78M, EV 93.1 MPH)
Batting: LHB Ramon Bermudez 0-0: Ball
1-0: Ball
2-0: Called Strike
2-1: DOUBLE (Flyball, 8LXD, EV 108.1 MPH)
Pitching: LHP Allen Oliver
Batting: LHB Josh Alderete 0-0: Swinging Strike
0-1: Ball
1-1: Called Strike
1-2: Ball
2-2: Foul Ball, location: 2RF
2-2: Strikes out looking
Bottom of the 9th over - 0 runs, 1 hit, 0 errors, 1 left on base; Albuquerque 8 - Salt Lake 3
Sunday, May 5th , 2024 - OOTP Baseball 24.11 Build 85